[ AOE2 MATCH · #505145082 ]
UnrankedTeutons vs Chinese
Player's team · LOSS
Rival team · WIN
[ REPLAY ANALYSIS · EXTRACTED FROM THE RECORDED GAME ]
Feudal
9:16
Castle
28:18
Imperial
—
| APM avg | 86.0 |
| APM peak | 140 |
| eAPM avg | 54.1 |
| Villagers / military | 206 / 111 |
Focus
⚔️ 65.5% · 🌾 34.5%
Spearman ×29 · Knight ×28 · Scout Cavalry ×22 · Monk ×20 · Skirmisher ×6 · Battering Ram ×6
Feudal
9:01
Castle
23:50
Imperial
41:25
| APM avg | 55.6 |
| APM peak | 109 |
| eAPM avg | 31.1 |
| Villagers / military | 110 / 119 |
Focus
⚔️ 46.7% · 🌾 53.3%
Spearman ×58 · Knight ×38 · Scout Cavalry ×9 · Skirmisher ×8 · Monk ×3 · Chu Ko Nu ×3
Match map
Initial resources + every placement click. Lines = walls · curves = elevation contours. ◆ gold · ⬟ stone · ● berries · ✦ relic · ◌ wall gap
Your base· Open — 3t gap
FYI Inc's base· Open — 6t gap
Smoothed initial terrain · ◌ = detected wall gap · hover for details
Inputs per minute
— HaraKiri_aoe - - FYI Inc
Build order — HaraKiri_aoe
First 150 of 538 actions detected
| 0:00 | Create | Villager (Male) |
| 0:01 | Create | Villager (Male) |
| 0:02 | Build | House |
| 0:02 | Create | Villager (Male) |
| 0:03 | Build | House |
| 0:04 | Create | Villager (Male) |
| 1:25 | Create | Villager (Male) |
| 1:37 | Create | Villager (Male) |
| 2:04 | Create | Villager (Male) |
| 2:18 | Build | Lumber Camp |
| 2:39 | Create | Villager (Male) |
| 2:48 | Create | Villager (Male) |
| 3:07 | Build | House |
| 3:10 | Build | House |
| 3:20 | Create | Villager (Male) |
| 3:21 | Create | Villager (Male) |
| 3:25 | Build | House |
| 3:40 | Create | Villager (Male) |
| 3:40 | Create | Villager (Male) |
| 4:15 | Create | Villager (Male) |
| 4:15 | Create | Villager (Male) |
| 4:54 | Build | Mill |
| 5:06 | Create | Villager (Male) |
| 5:09 | Create | Villager (Male) |
| 5:09 | Create | Villager (Male) |
| 5:47 | Create | Villager (Male) |
| 5:48 | Research | Loom |
| 6:31 | Create | Villager (Male) |
| 7:02 | Research | Feudal Age |
| 7:48 | Build | Barracks |
| 8:09 | Build | House |
| 8:29 | Create | Villager (Male) |
| 9:16 | Age | Feudal Age |
| 9:18 | Build | Archery Range |
| 9:19 | Create | Spearman |
| 9:21 | Research | Double-Bit Axe |
| 9:24 | Create | Villager (Male) |
| 9:30 | Create | Spearman |
| 9:53 | Create | Skirmisher |
| 9:54 | Create | Skirmisher |
| 9:56 | Build | House |
| 9:56 | Create | Villager (Male) |
| 9:58 | Create | Spearman |
| 10:02 | Create | Spearman |
| 10:02 | Create | Spearman |
| 10:07 | Build | House |
| 10:08 | Build | House |
| 10:10 | Build | Palisade Wall |
| 10:13 | Build | Palisade Wall |
| 10:22 | Build | House |
| 10:27 | Create | Skirmisher |
| 10:28 | Create | Villager (Male) |
| 10:36 | Build | Palisade Wall |
| 10:42 | Build | Palisade Wall |
| 11:00 | Build | Watch Tower |
| 11:01 | Create | Villager (Male) |
| 11:05 | Create | Villager (Male) |
| 11:12 | Build | Watch Tower |
| 11:22 | Build | Palisade Wall |
| 11:24 | Build | Palisade Wall |
| 11:25 | Build | Palisade Wall |
| 11:38 | Create | Villager (Male) |
| 11:48 | Build | House |
| 11:54 | Create | Villager (Male) |
| 11:56 | Build | Farm |
| 11:57 | Build | Farm |
| 12:00 | Build | Farm |
| 12:13 | Create | Spearman |
| 12:13 | Create | Spearman |
| 12:20 | Create | Villager (Male) |
| 12:40 | Build | Mining Camp |
| 12:42 | Build | House |
| 12:45 | Build | House |
| 12:46 | Build | Palisade Wall |
| 12:53 | Create | Villager (Male) |
| 12:53 | Create | Villager (Male) |
| 13:01 | Create | Villager (Male) |
| 13:05 | Build | Farm |
| 13:16 | Create | Villager (Male) |
| 13:18 | Build | Farm |
| 13:22 | Build | Farm |
| 13:30 | Create | Villager (Male) |
| 13:30 | Create | Villager (Male) |
| 13:33 | Build | Farm |
| 13:46 | Create | Villager (Male) |
| 13:46 | Create | Villager (Male) |
| 13:50 | Build | Palisade Wall |
| 13:56 | Build | House |
| 14:02 | Build | Farm |
| 14:12 | Create | Villager (Male) |
| 14:16 | Create | Villager (Male) |
| 14:20 | Create | Villager (Male) |
| 14:20 | Create | Villager (Male) |
| 14:26 | Build | Stable |
| 14:37 | Create | Villager (Male) |
| 14:38 | Build | Farm |
| 14:57 | Create | Villager (Male) |
| 15:02 | Create | Villager (Male) |
| 15:02 | Create | Villager (Male) |
| 15:05 | Create | Villager (Male) |
| 15:06 | Create | Skirmisher |
| 15:08 | Create | Skirmisher |
| 15:08 | Create | Skirmisher |
| 15:09 | Create | Villager (Male) |
| 15:13 | Create | Villager (Male) |
| 15:17 | Build | Watch Tower |
| 15:26 | Build | Farm |
| 15:29 | Build | Palisade Gate |
| 15:32 | Create | Scout Cavalry |
| 15:33 | Create | Scout Cavalry |
| 15:39 | Build | Palisade Gate |
| 15:42 | Build | House |
| 15:44 | Build | Palisade Wall |
| 15:44 | Create | Villager (Male) |
| 15:45 | Create | Villager (Male) |
| 16:01 | Create | Villager (Male) |
| 16:16 | Create | Villager (Male) |
| 16:16 | Create | Villager (Male) |
| 16:20 | Build | Blacksmith |
| 16:32 | Create | Scout Cavalry |
| 16:38 | Build | Mining Camp |
| 16:39 | Create | Villager (Male) |
| 16:48 | Build | Palisade Wall |
| 16:48 | Build | Palisade Wall |
| 16:49 | Build | Palisade Wall |
| 16:49 | Build | Palisade Wall |
| 16:49 | Build | Palisade Wall |
| 16:50 | Build | Palisade Wall |
| 16:50 | Build | Palisade Wall |
| 16:50 | Build | Palisade Wall |
| 16:50 | Build | Palisade Wall |
| 16:51 | Build | Palisade Wall |
| 16:51 | Build | Palisade Wall |
| 16:53 | Create | Villager (Male) |
| 16:53 | Create | Villager (Male) |
| 16:55 | Build | House |
| 16:57 | Build | Farm |
| 17:05 | Build | Lumber Camp |
| 17:07 | Build | Farm |
| 17:11 | Build | Farm |
| 17:16 | Create | Villager (Male) |
| 17:18 | Build | House |
| 17:22 | Research | Scale Barding Armor |
| 17:22 | Research | Scale Barding Armor |
| 17:30 | Build | Farm |
| 17:36 | Create | Villager (Male) |
| 17:54 | Build | Palisade Wall |
| 17:56 | Create | Villager (Male) |
| 17:56 | Create | Villager (Male) |
| 18:06 | Create | Scout Cavalry |
Build order — FYI Inc
First 150 of 395 actions detected
| 0:05 | Research | Loom |
| 0:50 | Create | Villager (Male) |
| 1:17 | Create | Villager (Male) |
| 1:45 | Create | Villager (Male) |
| 2:07 | Build | Lumber Camp |
| 2:16 | Create | Villager (Male) |
| 2:37 | Create | Villager (Male) |
| 3:03 | Create | Villager (Male) |
| 3:19 | Create | Villager (Male) |
| 3:30 | Build | House |
| 3:41 | Create | Villager (Male) |
| 4:07 | Create | Villager (Male) |
| 4:22 | Build | Mill |
| 4:43 | Create | Villager (Male) |
| 4:53 | Create | Villager (Male) |
| 5:27 | Create | Villager (Male) |
| 5:33 | Build | House |
| 5:51 | Create | Villager (Male) |
| 6:19 | Build | House |
| 6:26 | Create | Villager (Male) |
| 6:47 | Research | Feudal Age |
| 7:09 | Build | Lumber Camp |
| 8:06 | Build | Barracks |
| 9:01 | Age | Feudal Age |
| 9:02 | Build | Stable |
| 9:03 | Create | Villager (Male) |
| 9:06 | Research | Double-Bit Axe |
| 9:21 | Create | Villager (Male) |
| 9:31 | Research | Horse Collar |
| 9:31 | Create | Spearman |
| 9:47 | Build | Farm |
| 9:47 | Create | Villager (Male) |
| 9:50 | Create | Scout Cavalry |
| 9:52 | Build | House |
| 10:03 | Create | Spearman |
| 10:07 | Create | Villager (Male) |
| 10:10 | Build | Palisade Wall |
| 10:14 | Build | Palisade Wall |
| 10:28 | Build | Palisade Wall |
| 10:34 | Create | Scout Cavalry |
| 10:43 | Build | Archery Range |
| 10:46 | Create | Villager (Male) |
| 10:46 | Create | Villager (Male) |
| 11:03 | Create | Villager (Male) |
| 11:19 | Build | House |
| 11:23 | Build | House |
| 11:27 | Create | Villager (Male) |
| 11:38 | Create | Skirmisher |
| 11:44 | Create | Villager (Male) |
| 11:44 | Create | Villager (Male) |
| 11:51 | Build | Mining Camp |
| 11:59 | Build | Farm |
| 12:17 | Create | Skirmisher |
| 12:32 | Create | Villager (Male) |
| 12:35 | Build | Watch Tower |
| 12:41 | Create | Skirmisher |
| 12:47 | Build | Farm |
| 12:53 | Create | Villager (Male) |
| 13:01 | Create | Skirmisher |
| 13:08 | Build | Farm |
| 13:21 | Create | Skirmisher |
| 13:22 | Create | Villager (Male) |
| 13:26 | Build | Farm |
| 13:32 | Build | Farm |
| 14:04 | Create | Skirmisher |
| 14:04 | Create | Villager (Male) |
| 14:08 | Build | House |
| 14:09 | Build | House |
| 14:13 | Build | House |
| 14:15 | Build | Farm |
| 14:18 | Create | Skirmisher |
| 14:19 | Create | Villager (Male) |
| 14:39 | Create | Scout Cavalry |
| 14:45 | Build | Farm |
| 14:45 | Create | Villager (Male) |
| 14:46 | Build | Farm |
| 14:58 | Build | Farm |
| 15:01 | Create | Skirmisher |
| 15:12 | Create | Scout Cavalry |
| 15:16 | Build | House |
| 15:27 | Build | Farm |
| 15:31 | Build | Farm |
| 15:40 | Create | Villager (Male) |
| 15:47 | Build | Mining Camp |
| 15:57 | Build | Farm |
| 15:57 | Create | Villager (Male) |
| 15:59 | Build | House |
| 16:13 | Create | Scout Cavalry |
| 16:21 | Build | Farm |
| 16:29 | Create | Villager (Male) |
| 16:31 | Build | Farm |
| 16:33 | Build | House |
| 16:45 | Create | Villager (Male) |
| 16:50 | Build | Farm |
| 17:08 | Build | House |
| 17:09 | Research | Town Watch |
| 17:30 | Build | Blacksmith |
| 17:35 | Build | House |
| 17:54 | Create | Villager (Male) |
| 18:16 | Build | House |
| 18:18 | Build | House |
| 18:20 | Build | House |
| 18:21 | Create | Scout Cavalry |
| 18:21 | Create | Scout Cavalry |
| 18:28 | Research | Forging |
| 18:32 | Create | Villager (Male) |
| 18:35 | Build | Watch Tower |
| 18:38 | Build | Watch Tower |
| 18:39 | Create | Villager (Male) |
| 18:47 | Build | Farm |
| 18:50 | Create | Villager (Male) |
| 19:03 | Create | Scout Cavalry |
| 19:11 | Research | Fletching |
| 19:19 | Research | Wheelbarrow |
| 19:44 | Build | Market |
| 20:45 | Create | Villager (Male) |
| 20:56 | Build | Farm |
| 21:04 | Research | Castle Age |
| 21:33 | Research | Bloodlines |
| 21:52 | Research | Scale Barding Armor |
| 22:01 | Build | Stable |
| 22:07 | Build | Lumber Camp |
| 22:08 | Create | Scout Cavalry |
| 22:16 | Build | House |
| 22:18 | Build | House |
| 22:38 | Build | House |
| 22:43 | Build | House |
| 22:51 | Build | House |
| 22:54 | Build | Stone Wall |
| 23:13 | Research | Forging |
| 23:17 | Research | Gold Mining |
| 23:29 | Build | Lumber Camp |
| 23:50 | Age | Castle Age |
| 23:51 | Create | Knight |
| 23:52 | Create | Knight |
| 23:54 | Research | Bow Saw |
| 23:54 | Create | Villager (Male) |
| 24:04 | Create | Villager (Male) |
| 24:10 | Build | House |
| 24:17 | Create | Knight |
| 24:17 | Create | Knight |
| 24:17 | Create | Knight |
| 24:28 | Create | Villager (Male) |
| 24:39 | Research | Husbandry |
| 24:42 | Create | Villager (Male) |
| 24:51 | Build | Castle |
| 25:02 | Build | Monastery |
| 25:03 | Create | Villager (Male) |
| 25:22 | Create | Villager (Male) |
| 25:23 | Build | Farm |
Match timeline
| 7:48 | HaraKiri_aoe · first_building Barracks |
| 8:06 | FYI Inc · first_building Barracks |
| 9:01 | FYI Inc · age_up feudal |
| 9:02 | FYI Inc · first_building Stable |
| 9:16 | HaraKiri_aoe · age_up feudal |
| 9:18 | HaraKiri_aoe · first_building Archery Range |
| 10:10 | FYI Inc · wall_segment Palisade Wall x4 |
| 10:10 | HaraKiri_aoe · wall_segment Palisade Wall x5 |
| 10:13 | HaraKiri_aoe · wall_segment Palisade Wall x8 |
| 10:14 | FYI Inc · wall_segment Palisade Wall x4 |
| 10:28 | FYI Inc · wall_segment Palisade Wall x1 |
| 10:36 | HaraKiri_aoe · wall_segment Palisade Wall x9 |
| 10:42 | HaraKiri_aoe · wall_segment Palisade Wall x7 |
| 10:43 | FYI Inc · first_building Archery Range |
| 11:22 | HaraKiri_aoe · wall_segment Palisade Wall x4 |
| 11:24 | HaraKiri_aoe · wall_segment Palisade Wall x1 |
| 11:25 | HaraKiri_aoe · wall_segment Palisade Wall x1 |
| 12:46 | HaraKiri_aoe · wall_segment Palisade Wall x1 |
| 13:50 | HaraKiri_aoe · wall_segment Palisade Wall x1 |
| 14:26 | HaraKiri_aoe · first_building Stable |
| 15:44 | HaraKiri_aoe · wall_segment Palisade Wall x1 |
| 16:48 | HaraKiri_aoe · wall_segment Palisade Wall x2 |
| 16:48 | HaraKiri_aoe · wall_segment Palisade Wall x1 |
| 16:49 | HaraKiri_aoe · wall_segment Palisade Wall x1 |
| 16:49 | HaraKiri_aoe · wall_segment Palisade Wall x1 |
| 16:49 | HaraKiri_aoe · wall_segment Palisade Wall x1 |
| 16:50 | HaraKiri_aoe · wall_segment Palisade Wall x1 |
| 16:50 | HaraKiri_aoe · wall_segment Palisade Wall x1 |
| 16:50 | HaraKiri_aoe · wall_segment Palisade Wall x1 |
| 16:50 | HaraKiri_aoe · wall_segment Palisade Wall x2 |
| 16:51 | HaraKiri_aoe · wall_segment Palisade Wall x1 |
| 16:51 | HaraKiri_aoe · wall_segment Palisade Wall x1 |
| 17:54 | HaraKiri_aoe · wall_segment Palisade Wall x1 |
| 20:59 | FYI Inc · first_market_buy 100 food |
| 21:02 | FYI Inc · first_market_sell 100 wood |
| 22:54 | FYI Inc · wall_segment Stone Wall x5 |
| 23:50 | FYI Inc · age_up castle |
| 24:51 | FYI Inc · first_building Castle |
| 25:02 | FYI Inc · first_building Monastery |
| 25:32 | HaraKiri_aoe · first_market_buy 100 food |
| 26:06 | HaraKiri_aoe · wall_segment Stone Wall x8 |
| 26:54 | HaraKiri_aoe · wall_segment Palisade Wall x1 |
| 26:59 | FYI Inc · wall_segment Palisade Wall x1 |
| 28:18 | HaraKiri_aoe · age_up castle |
| 28:45 | HaraKiri_aoe · wall_segment Palisade Wall x1 |
| 29:01 | HaraKiri_aoe · first_building Siege Workshop |
| 29:06 | HaraKiri_aoe · first_building Monastery |
| 29:18 | HaraKiri_aoe · wall_segment Palisade Wall x1 |
| 30:22 | FYI Inc · wall_segment Palisade Wall x1 |
| 34:17 | HaraKiri_aoe · wall_segment Stone Wall x1 |
| 34:18 | HaraKiri_aoe · wall_segment Stone Wall x1 |
| 35:56 | HaraKiri_aoe · wall_segment Stone Wall x3 |
| 37:48 | HaraKiri_aoe · wall_segment Stone Wall x1 |
| 38:28 | HaraKiri_aoe · wall_segment Stone Wall x1 |
| 38:29 | HaraKiri_aoe · wall_segment Stone Wall x1 |
| 38:36 | HaraKiri_aoe · wall_segment Stone Wall x1 |
| 38:36 | HaraKiri_aoe · wall_segment Stone Wall x1 |
| 38:36 | HaraKiri_aoe · wall_segment Stone Wall x2 |
| 38:36 | HaraKiri_aoe · wall_segment Stone Wall x1 |
| 38:37 | HaraKiri_aoe · wall_segment Stone Wall x2 |
| 38:37 | HaraKiri_aoe · wall_segment Stone Wall x2 |
| 38:37 | HaraKiri_aoe · wall_segment Stone Wall x2 |
| 38:38 | HaraKiri_aoe · wall_segment Stone Wall x1 |
| 38:38 | HaraKiri_aoe · wall_segment Stone Wall x1 |
| 38:47 | HaraKiri_aoe · wall_segment Stone Wall x1 |
| 40:11 | HaraKiri_aoe · first_market_sell 500 wood |
| 41:17 | HaraKiri_aoe · first_building Castle |
| 41:25 | FYI Inc · age_up imperial |
| 41:33 | HaraKiri_aoe · resign |
[ AI ANALYSIS · 1 CREDIT ]
What really happened in this match?
Wolo.gg analyzes every decision: build order, eco, micro, common mistakes by bracket. Personalized analysis on WhatsApp or Discord in 30 seconds.
Civ guide
Teutons
Perfil
Jugador #5367941